 Dungeon Crawl Stone Soup version 0.27-a0-1046-g98bf31544f (webtiles) character file.

Game seed: 2177688271603193202

18790 Morbidden the Grappler (level 12, -11/114 HPs)
             Began as a Troll Transmuter on Apr 19, 2021.
             Was a High Priest of Cheibriados.
             Mangled by a minotaur
             ... wielding the +8 dagger of Eternal Night {speed, Dex+5 Stlth-}
              (28 damage)
             ... in a Gauntlet.
             The game lasted 00:29:05 (11828 turns).

Morbidden the Grappler (Troll Transmuter)          Turns: 11828, Time: 00:29:06

Health: -11/114    AC:  2    Str: 36    XL:     12   Next: 30%
Magic:  17/19      EV: 24    Int: 30    God:    Cheibriados [*****.]
Gold:   1499       SH:  0    Dex: 25    Spells: 13/22 levels left

rFire    . . .     SeeInvis .     - Unarmed
rCold    . . .     Faith    .   (shield currently unavailable)
rNeg     + . .     Spirit   .   (armour currently unavailable)
rPois    x         Reflect  .   (helmet currently unavailable)
rElec    .         Harm     .   (cloak currently unavailable)
rCorr    .         Rampage  .   (gloves unavailable)
Will     +....     NoTele   +   (boots unavailable)
Stlth    +++.......             p - amulet of the acrobat
HPRegen  1.29/turn              O - ring of wizardry
MPRegen  0.16/turn              P - ring "Awoijuc" {rN+ Will+ Int+6}

@: spider-form, very slow
A: venomous fangs, tiny, unfitting armour, (claws 3), regeneration 1, (shaggy
fur 1), (tough skin 1), (hooves 1), clumsy 1[+1], [dopey 1], [teleportitis 2]
a: End Transformation, Renounce Religion, Bend Time, Temporal Distortion,
Slouch, Step From Time


You were in a Gauntlet.
You worshipped Cheibriados.
Cheibriados was extremely pleased with you.
You were a venomous arachnid creature.
You visited 2 branches of the dungeon, and saw 12 of its levels.
You also visited: Bailey and Gauntlet.

You collected 1647 gold pieces.
You spent 148 gold pieces at shops.

Inventory:

Hand Weapons
 b - a +4 hunting sling of venom
Missiles
 a - 8 boomerangs (quivered)
 d - 36 poisoned darts
 e - 2 throwing nets
 g - 186 stones
 i - 12 large rocks
 v - 40 sling bullets
 A - 10 javelins
 E - 4 silver javelins
Armour
 x - a +1 cloak (melded)
 C - the +4 robe of Autotheism (melded) {*Slow rC+ Will+ Str+3}
   (You bought it in a shop on level 2 of the Dungeon)

   It affects your strength (+3).
   It protects you from cold.
   It may slow you when you take damage.
   It increases your willpower.
 F - +0 swamp dragon scales
 N - a +2 hat of intelligence (melded)
Jewellery
 j - a ring of protection from cold
 p - an amulet of the acrobat (around neck)
 q - an amulet of magic regeneration
 y - a ring of willpower
 J - a ring of positive energy
 O - a ring of wizardry (left front leg)
 P - the ring "Awoijuc" (right front leg) {rN+ Will+ Int+6}
   (You found it in a Gauntlet)

   [ring of intelligence]

   It affects your intelligence (+6).
   It protects you from negative energy.
   It increases your willpower.
Wands
 u - a wand of polymorph (8)
 B - a wand of mindburst (19)
 L - a wand of iceblast (6)
Scrolls
 c - 3 scrolls of enchant armour
 f - 4 scrolls of teleportation
 k - 2 scrolls of enchant weapon
 m - a scroll of immolation
 n - a scroll of noise
 o - 4 scrolls of identify
 H - 2 scrolls of brand weapon
 I - a scroll of blinking
 M - a scroll of fear
Potions
 h - 2 potions of might
 l - a potion of attraction {unknown}
 s - 2 potions of flight
 t - a potion of haste {unknown}
 w - 3 potions of resistance
 z - a potion of lignification {unknown}
 D - 2 potions of curing
 G - a potion of brilliance {unknown}
 K - a potion of heal wounds


   Skills:
 * Level 6.2 Fighting
 + Level 4.2(4.4) Slings
 + Level 2.2(4.2) Throwing
 + Level 4.9 Dodging
 + Level 1.8 Stealth
 + Level 8.8 Unarmed Combat
 * Level 5.6 Spellcasting
 * Level 6.1 Transmutations
 - Level 3.0 Poison Magic
 * Level 6.2 Invocations
 + Level 2.3 Evocations


You had 13 spell levels left.
You knew the following spells:

 Your Spells              Type           Power      Damage    Failure   Level
a - Beastly Appendage     Tmut           90%        N/A       1%          1
b - Spider Form           Tmut/Pois      17%        N/A       4%          3
c - Hydra Form            Tmut           22%        N/A       12%         5

Your spell library contained the following spells:

 Spells                   Type           Power      Damage    Failure   Level
 Wereblood                Tmut           45%        N/A       1%          2
 Animate Skeleton         Necr           16%        N/A       6%          1
 Foxfire                  Conj/Fire      32%        2x1d5     6%          1
 Freeze                   Ice            32%        1d5       6%          1
 Pain                     Necr           32%        1d5       6%          1
 Ice Form                 Ice/Tmut       26%        N/A       14%         4
 Conjure Flame            Conj/Fire      8%         6-21      16%         3
 Frozen Ramparts          Ice            16%        1d3       16%         3
 Inner Flame              Hex/Fire       8%         N/A       16%         3
 Ozocubu's Armour         Ice            8%         N/A       16%         3
 Vampiric Draining        Necr           4%         2d6       16%         3
 Animate Dead             Necr           4%         N/A       38%         4
 Hailstorm                Conj/Ice       8%         3d4       38%         4
 Sticky Flame             Conj/Fire      8%         2d3       38%         4
 Agony                    Necr           8%         N/A       65%         5
 Fireball                 Conj/Fire      4%         3d4       65%         5
 Metabolic Englaciation   Hex/Ice        4%         N/A       65%         5


Dungeon Overview and Level Annotations

Branches:
Dungeon (11/15)            Temple (1/1) D:4            Lair (0/6) D:9
    Orc (0/2) D:9          Bailey (visited)         Gauntlet (1/1)

Altars:
Ashenzari
Cheibriados
Dithmenos
Elyvilon
Fedhas
Gozag
Kikubaaqudgha
Nemelex Xobeh
Okawaru
Qazlal
Ru
Sif Muna
Trog
Uskayaw
Vehumet
Wu Jian
Xom
Yredelemnul
Zin
The Shining One

Shops:
D:2 [

Annotations:
D:3 2 runed translucent doors
D:10 Maurice Gauntlet 6 transporters


Innate Abilities, Weirdness & Mutations

You are a venomous arachnid creature.
You have poisonous fangs.
You are tiny and dextrous.
Your spellcasting is less reliable in this form.
Your armour is entirely melded.
You are incapable of wielding weapons or throwing items.
You are too large for most types of armour.
((You have claws for hands.))
Your natural rate of healing is unusually fast.
((You are covered in fur. (AC +1)))
((You have tough skin. (AC +1)))
((You have large cloven feet.))
[You are very clumsy. (Dex -4)]
[You are dopey. (Int -2)]
[You are sometimes teleported next to monsters.]


Message History

Your shadow flickers and vanishes for a moment.
Your tengu conjurer hits the minotaur but does no damage.
Your tengu conjurer barely misses the minotaur.
Your tengu conjurer claws the minotaur but does no damage.
Your tengu conjurer hits the minotaur.
Your tengu conjurer pecks the minotaur but does no damage.
Your tengu conjurer claws the minotaur.
Unknown command.
Unknown command.
Your tengu conjurer mumbles some strange words.
The minotaur hits you with the +8 dagger of Eternal Night {speed, Dex+5 Stlth-}.
The minotaur completely misses you.
Your shadow strikes at the minotaur from the darkness!
The minotaur hits your shadow with the +8 dagger of Eternal Night {speed, Dex+5 Stlth-}!
The minotaur gores your shadow!
Unknown command.
Unknown command.
Unknown command.
You hit the minotaur but do no damage.
The minotaur is poisoned.
The minotaur is moderately wounded.
Your shadow hits the minotaur.
The minotaur hits you with the +8 dagger of Eternal Night {speed, Dex+5 Stlth-}!!
The minotaur misses you.
Unknown command.
Unknown command.
Unknown command.
Unknown command.
Unknown command.
Unknown command.
You feel much better.
The minotaur hits you with the +8 dagger of Eternal Night {speed, Dex+5 Stlth-}!!!
* * * LOW HITPOINT WARNING * * *
The minotaur gores you!
* * * LOW HITPOINT WARNING * * *
Your shadow hits the minotaur.
Your tengu conjurer hits the minotaur but does no damage.
Your tengu conjurer pecks the minotaur but does no damage.
Your tengu conjurer claws the minotaur but does no damage.
The minotaur hits you with the +8 dagger of Eternal Night {speed, Dex+5 Stlth-}!!
You die...

#.^.#..^.!#..#...#
#.#.##.##^#..#.8.##
#.....99.9#..#.....
###########..#...# ##..
............≈#.©.##....#
............∩#......#
............§#.©W# #.#
###########..#*QH##....#
#.........#..#..s...#
#.##...##.#..#.8.##.#
#..##.##.)#..#...## ..
#...#.#..[#..#.8... #.#
#....©#..©#..#...## .
#...#.#..[#..#≈8≈#
#..##.##..#..#####
#.##...##.#..#
#.........#..###


You could see a minotaur (very poisoned, ally target), a molten gargoyle, a
friendly tengu conjurer (summoned, ally target), a friendly shadow (summoned)
and a friendly battlesphere.

Vanquished Creatures
  Gastronok (D:10)
  A quicksilver ooze (Gauntlet)
  Josephine (D:10)
  2 two-headed ogres
  A wretched star (Gauntlet)
  Pikel (D:7)
  3 orc knights (Bailey)
  Joseph (D:7)
  Maggie (D:8)
  A kobold demonologist (D:11)
  An efreet (D:10)
  An unseen horror (D:10)
  A troll (D:6)
  A shadow (D:11)
  5 wraiths
  A wyvern (D:10)
  25 yaks
  2 neqoxecs (Gauntlet)
  Grum (D:10)
  2 swamp worms (Gauntlet)
  3 water moccasins
  9 orc warriors
  An ice beast (D:7)
  2 necrophages (D:7)
  A hornet zombie (D:8)
  2 black bears (D:5)
  2 ogres (D:6)
  2 wolves (D:10)
  A lemure (D:7)
  4 phantoms
  A small abomination (Gauntlet)
  3 bullfrogs
  2 kobold brigands
  3 scorpions
  2 water moccasin zombies (D:6)
  A wyvern skeleton (D:6)
  A water moccasin skeleton (D:7)
  4 wights
  8 killer bees
  An electric eel (D:9)
  3 centaur zombies
  A howler monkey (D:5)
  A bullfrog zombie (D:6)
  2 jellies
  Crazy Yiuf (D:5)
  6 orc priests
  4 hounds
  2 gnoll shamans
  A bullfrog skeleton (D:5)
  3 centaur skeletons
  Terence (D:3)
  3 iguanas
  9 orc wizards
  A scorpion zombie (D:4)
  A killer bee zombie (D:6)
  A hound skeleton (D:4)
  7 gnolls
  6 adders
  An adder skeleton (D:4)
  2 worms
  2 dart slugs
  53 orcs
  2 bats (D:2)
  4 endoplasms
  6 goblins
  3 hobgoblins
  5 jackals
  A quokka (D:4)
  5 ball pythons
  A frilled lizard (D:2)
  17 kobolds
  5 rats
266 creatures vanquished.

Vanquished Creatures (others)
  6 fungi (D:9)
  6 plants (D:9)
12 creatures vanquished.

Grand Total: 278 creatures vanquished

Notes
Turn   | Place    | Note
-------+----------+-------------------------------------------
     0 | D:1      | Morbidden the Troll Transmuter began the quest for the Orb.
     0 | D:1      | Reached XP level 1. HP: 18/18 MP: 1/1
   344 | D:1      | Reached XP level 2. HP: 26/26 MP: 2/2
   378 | D:1      | Reached skill level 1 in Fighting
   386 | D:1      | Found a faded altar of an unknown god.
  1059 | D:2      | Found Uteyzeg's Antique Armour Shoppe.
  1339 | D:2      | Reached XP level 3. HP: 30/33 MP: 4/4
  1619 | D:3      | Noticed Terence
  1640 | D:3      | Killed Terence
  1704 | D:3      | Noticed a scorpion
  1710 | D:3      | Killed a scorpion
  1711 | D:3      | Reached XP level 4. HP: 34/42 MP: 3/5
  1806 | D:3      | Found a large runed translucent door.
  1807 | D:3      | Found a large runed translucent door.
  1877 | D:3      | Reached XP level 5. HP: 43/49 MP: 6/6
  2453 | D:4      | Found a radiant altar of Vehumet.
  2474 | D:4      | Reached skill level 1 in Throwing
  2484 | D:4      | Reached skill level 1 in Slings
  2596 | D:4      | Noticed a phantom
  2607 | D:4      | Killed a phantom
  2608 | D:4      | Reached skill level 4 in Unarmed Combat
  2641 | D:4      | Reached XP level 6. HP: 57/57 MP: 5/7
  2684 | D:4      | Found a staircase to the Ecumenical Temple.
  2696 | Temple   | Entered the Ecumenical Temple
  2770 | Temple   | Became a worshipper of Cheibriados the Contemplative
  3334 | D:5      | Entered Level 5 of the Dungeon
  3446 | D:5      | Reached skill level 1 in Invocations
  3446 | D:5      | Reached XP level 7. HP: 64/66 MP: 7/9
  3479 | D:5      | Learned a level 3 spell: Spider Form
  3553 | D:5      | Reached * piety under Cheibriados
  3652 | D:5      | Noticed a yak
  3652 | D:5      | Noticed a yak
  3652 | D:5      | Noticed a yak
  3655 | D:5      | Noticed a yak
  3665 | D:5      | Noticed a yak
  3707 | D:2      | Bought a creamy pearl robe for 148 gold pieces
  3707 | D:2      | Identified the +4 robe of Autotheism {*Slow rC+ Will+
                  | Str+3} (You bought it in a shop on level 2 of the Dungeon)
  3920 | D:5      | Noticed a yak
  4123 | D:6      | Reached XP level 8. HP: 57/75 MP: 10/10
  4259 | D:6      | Reached skill level 5 in Unarmed Combat
  4333 | D:6      | Reached skill level 1 in Poison Magic
  4548 | D:6      | You fall into a shaft and drop 2 floors!
  4739 | D:7      | Noticed Joseph
  4774 | D:7      | Found a flagged portal.
  4783 | Bailey   | Entered a bailey
  4808 | Bailey   | Reached ** piety under Cheibriados
  5071 | Bailey   | Noticed an orc knight
  5074 | Bailey   | Noticed an orc knight
  5087 | Bailey   | Killed an orc knight
  5088 | Bailey   | Reached XP level 9. HP: 45/84 MP: 12/12
  5101 | Bailey   | Reached *** piety under Cheibriados
  5102 | Bailey   | Killed an orc knight
  5103 | Bailey   | Reached skill level 1 in Evocations
  5118 | Bailey   | Noticed an orc knight
  5127 | Bailey   | Killed an orc knight
  5215 | Bailey   | Identified a scroll of acquirement
  5215 | Bailey   | Acquired 1015 gold pieces
  5349 | D:7      | Noticed a two-headed ogre
  5354 | D:7      | Killed a two-headed ogre
  5355 | D:7      | Reached XP level 10. HP: 75/93 MP: 14/14
  5418 | D:7      | Killed Joseph
  5594 | D:7      | Noticed Pikel
  5604 | D:7      | Killed Pikel
  5761 | D:7      | Reached skill level 6 in Unarmed Combat
  6696 | D:6      | Reached **** piety under Cheibriados
  6699 | D:6      | Reached skill level 5 in Fighting
  6963 | D:5      | Reached skill level 1 in Stealth
  7406 | D:5      | Found a runed translucent door.
  7407 | D:5      | Noticed Crazy Yiuf
  7477 | D:5      | Killed Crazy Yiuf
  7663 | D:8      | Reached XP level 11. HP: 78/104 MP: 13/16
  7882 | D:8      | Reached skill level 5 in Invocations
  7982 | D:8      | Identified the +8 war axe "Roluihum" {freeze, Fragile +Rage
                  | Str+7 SInv}
  7989 | D:8      | Learned a level 5 spell: Hydra Form
  8359 | D:8      | Reached skill level 5 in Transmutations
  8447 | D:8      | Reached ***** piety under Cheibriados
  8449 | D:8      | Reached skill level 7 in Unarmed Combat
  8499 | D:8      | Noticed Maggie
  8516 | D:8      | Killed Maggie
  8939 | D:9      | Found a staircase to the Lair.
  8954 | D:9      | Found a blossoming altar of Fedhas.
  9098 | D:9      | Found a staircase to the Orcish Mines.
  9547 | D:10     | Entered Level 10 of the Dungeon
  9547 | D:10     | Noticed Josephine
  9789 | D:10     | Killed Josephine
  9867 | D:10     | Noticed Grum
  9885 | D:10     | Killed Grum
 10228 | D:10     | Reached skill level 5 in Spellcasting
 10527 | D:10     | Noticed Gastronok
 10542 | D:10     | Killed Gastronok
 10543 | D:10     | Reached skill level 8 in Unarmed Combat
 10543 | D:10     | Reached XP level 12. HP: 62/113 MP: 17/19
 10655 | D:10     | Noticed Maurice
 10921 | D:11     | Noticed a two-headed ogre
 10928 | D:11     | Killed a two-headed ogre
 10989 | D:11     | Found a gate leading to a gauntlet.
 11003 | Gauntlet | Entered a Gauntlet
 11003 | Gauntlet | Found a transporter.
 11003 | Gauntlet | Found a transporter.
 11003 | Gauntlet | Found a transporter.
 11020 | Gauntlet | Found a transporter.
 11023 | Gauntlet | Found a transporter.
 11023 | Gauntlet | Found a transporter.
 11033 | Gauntlet | Noticed a catoblepas
 11035 | Gauntlet | Found a transporter.
 11037 | Gauntlet | Found a transporter.
 11039 | Gauntlet | Found a transporter.
 11039 | Gauntlet | Found a transporter.
 11039 | Gauntlet | Noticed a quicksilver ooze
 11051 | Gauntlet | Noticed a catoblepas
 11053 | Gauntlet | Found a transporter.
 11053 | Gauntlet | Found a transporter.
 11314 | Gauntlet | Gained mutation: [You are clumsy. (Dex -2)] [a neqoxec]
 11315 | Gauntlet | Gained mutation: You have large cloven feet. [a neqoxec]
 11321 | Gauntlet | Identified the ring "Awoijuc" {rN+ Will+ Int+6}
 11712 | Gauntlet | Killed a quicksilver ooze
 11726 | Gauntlet | Identified the +0 pair of gloves of Dithmenos's Hope
                  | {Dex+4}
 11817 | Gauntlet | Identified the +8 dagger of Eternal Night {speed, Dex+5
                  | Stlth-}
 11817 | Gauntlet | Noticed a minotaur
 11828 | Gauntlet | Mangled by a minotaur

Illustrated notes

Levels and vault maps discovered:
D:1:      heliophobic_arrival_henge, layout_loops_ring, serial_rivers,
          chequers_serial_rivers_micro_a, chequers_serial_rivers_micro_d,
          chequers_serial_rivers_micro_b, chequers_serial_rivers_small_a,
          chequers_serial_rivers_marsh, chequers_serial_rivers_micro_c,
          hellmonk_ecumenical_altar_heavens_door
D:2:      layout_loops_corners, serial_shops, nicolae_shop_overgrown_old_shop
D:3:      layout_basic, jmf_multi_god_temple2, st_stairs_8,
          minmay_misc_feat_tiny, uniq_terence
D:4:      layout_loops_ring, lemuel_round_altar, minmay_temple_entry_arrows
D:5:      layout_cave_pools, chequers_serial_rivers_micro_d,
          uniq_crazy_yiuf_cottage
D:6:      minmay_opposing_rooms, layout_basic, serial_co_window_serial,
          co_window_corner_a, co_window_paths_b, co_window_corner_a,
          co_window_corner_a, co_window_corner_a, co_window_corner_ca,
          co_window_corner_cb, co_window_broadway_c, co_window_unsneaky_path_b,
          co_window_of_opportunity_b, co_window_unsneaky_path_b,
          co_window_2corner, glass_columns_a, glass_columns_a
D:7:      layout_basic, enter_bailey_2, minmay_misc_feat_cross,
          minmay_misc_feat_four_crosses, kennysheep_decorative_pillar,
          uniq_joseph, uniq_pikel
D:8:      minmay_octagon_keep, layout_basic, uniq_maggie
D:9:      layout_basic, fedhas_altar_2, dpeg_oklobed_lair, orc_0_dummy,
          kennysheep_small_spiral, nicolae_water_bricks
D:10:     layout_roguey, nrook_mini_vaults, uniq_josephine, uniq_grum,
          uniq_maurice, uniq_gastronok
D:11:     layout_roguey, gauntlet_entry_generic, kennysheep_doodads, uniq_fannar
Temple:   compressed_dpeg_circular_temple
Gauntlet: gammafunk_gauntlet_hard_choice [nicolae_gauntlet_arena_flowing_pool,
          nicolae_gauntlet_arena_quarters, gammafunk_gauntlet_arena_teeth,
          nicolae_gauntlet_swirl, nicolae_gauntlet_arena_grate_2,
          gammafunk_gauntlet_arena_split_x, gauntlet_exit_green]

Skill      XL: |  1  2  3  4  5  6  7  8  9 10 11 12 |
---------------+-------------------------------------+-----
Fighting       | 1 2 3 4 5 6 |  6.2
Transmutations | 2 3 4 5 6 |  6.1
Throwing       | 1 2 |  2.2
Slings         | 1 2 3 4 |  4.2
Dodging        | 2 3 4 |  4.9
Unarmed Combat | 4 5 6 8 |  8.8
Spellcasting   | 2 3 4 5 |  5.6
Invocations    | 1 3 4 5 6 |  6.2
Poison Magic   | 2 3 |  3.0
Evocations     | 2 |  2.3
Stealth        | 1 |  1.8

Action                   |  1- 3 |  4- 6 |  7- 9 | 10-12 || total
-------------------------+-------+-------+-------+-------++-------
Melee: Unarmed           |    39 |   100 |   108 |   357 ||   604
       Kick              |     2 |     7 |     7 |    13 ||    29
       Headbutt          |     1 |     3 |     2 |     5 ||    11
       Punch             |       |     1 |     2 |     5 ||     8
 Fire: Hunting sling     |    19 |    31 |    71 |    75 ||   196
Throw: Dart              |    23 |       |       |       ||    23
       Stone             |     2 |       |       |       ||     2
       Large rock        |       |       |       |     2 ||     2
       Boomerang         |       |       |       |    31 ||    31
 Cast: Beastly Appendage |     5 |     8 |     3 |     8 ||    24
       Spider Form       |       |       |     3 |    27 ||    30
       Hydra Form        |       |       |       |     7 ||     7
Evoke: Wand              |       |       |    26 |     3 ||    29
  Use: Scroll            |       |       |    22 |     6 ||    28
       Potion            |       |       |     8 |     5 ||    13
 Stab: Sleeping          |     1 |       |       |     3 ||     4
Armor: Robe              |    10 |    29 |    46 |    44 ||   129
       Skin              |       |       |       |    16 ||    16
Dodge: Dodged            |    23 |    71 |   158 |   373 ||   625

Table legend: (Time is in decaauts)
 A = Elapsed time spent in this place.
 B = Non-inter-level travel time spent in this place.
 C = Inter-level travel time spent in this place.
 D = Time resting spent in this place.
 E = Time spent auto-exploring this place.
 F = Levels seen in this place.
 G = Mean time per level.
                   A        B        C        D        E       F      G
               +--------+--------+--------+--------+--------+-----+--------+
         Total |  15588 |  14592 |    996 |   1382 |  10315 |  14 | 1113.4 |
       Dungeon |  13853 |  12857 |    996 |    746 |   9803 |  11 | 1259.4 |
        Temple |     85 |     85 |      0 |      0 |     63 |   1 |   85.0 |
        Bailey |    570 |    570 |      0 |    136 |    147 |   1 |  570.0 |
      Gauntlet |   1078 |   1078 |      0 |    500 |    302 |   1 | 1078.0 |
               +--------+--------+--------+--------+--------+-----+--------+

Top non-repeatable levels by time:
     D:9: 2136 daAuts
     D:6: 2091 daAuts
     D:8: 1548 daAuts
    D:10: 1482 daAuts
     D:7: 1466 daAuts
     D:5: 1347 daAuts
Gauntlet: 1078 daAuts
     D:4: 1040 daAuts
     D:2: 978 daAuts
     D:3: 891 daAuts
     D:1: 735 daAuts
  Bailey: 570 daAuts
    D:11: 133 daAuts
  Temple: 85 daAuts
